 Dungeon Crawl Stone Soup version 0.29-a0-384-g6960b1960d (webtiles) character file.

Game seed: 2744752417620263373

165 hybridnoisebloom the Skirmisher (level 5, -1/47 HPs)
             Began as a Minotaur Fighter on May 6, 2022.
             Was an Initiate of Yredelemnul.
             Slain by a gnoll shaman
             ... wielding a +0 club
              (6 damage)
             ... on level 3 of the Dungeon.
             The game lasted 00:19:24 (1973 turns).

hybridnoisebloom the Skirmisher (Minotaur Fighter)  Turns: 1973, Time: 00:19:26

Health: -1/47      AC:  7    Str: 22    XL:     5   Next: 22%
Magic:  4/4        EV:  9    Int:  5    God:    Yredelemnul [......]
Gold:   63         SH:  4    Dex: 10    Spells: 4/4 levels left

rFire   . . .      SeeInvis .   a - +0 war axe
rCold   . . .      Faith    .   c - +0 buckler
rNeg    . . .      Spirit   .   b - +0 scale mail
rPois   .          Reflect  .   (helmet restricted)
rElec   .          Harm     .   (no cloak)
rCorr   .          Rampage  .   (no gloves)
Will    .....                   (no boots)
Stlth   ..........              (no amulet)
HPRegen 0.15/turn               (no ring)
MPRegen 0.09/turn               (no ring)

@: no status effects
A: horns 2, retaliatory headbutt
a: Renounce Religion, Recall Undead Harvest


You were on level 3 of the Dungeon.
You worshipped Yredelemnul.
Yredelemnul was noncommittal.
You visited 1 branch of the dungeon, and saw 3 of its levels.

You collected 63 gold pieces.

Inventory:

Hand Weapons
 a - a +0 war axe (weapon)
Armour
 b - a +0 scale mail (worn)
 c - a +0 buckler (worn)
 h - a +0 leather armour
Scrolls
 f - a scroll of vulnerability {unknown}
 g - a scroll of fear {unknown}
 j - a scroll of identify {unknown}
 l - a scroll of poison {unknown}
Potions
 d - a potion of might
 e - a potion of resistance
 i - a potion of degeneration {unknown}
 k - a potion of attraction {unknown}


   Skills:
 + Level 4.7 Fighting
 + Level 4.2(4.6) Axes
 * Level 2.6(3.8) Maces & Flails
 + Level 4.2 Armour
 + Level 3.9 Shields


You had 4 spell levels left.
You didn't know any spells.
Your spell library contained the following spells:

 Spells                   Type           Power      Damage    Failure   Level
 Animate Skeleton         Necr           0%         N/A       87%         1
 Pain                     Necr           0%         1d4       87%         1
 Ensorcelled Hibernation  Hex/Ice        0%         N/A       95%         2
 Passwall                 Tmut/Erth      0%         N/A       95%         2
 Swiftness                Air            0%         N/A       99%         3
 Vampiric Draining        Necr           0%         2d6       99%         3


Dungeon Overview and Level Annotations

Branches:
Dungeon (3/15)

Altars:
Yredelemnul
Zin

Shops:
D:2 :

Annotations:
D:2 1 runed translucent door, Crazy Yiuf, Natasha


Innate Abilities, Weirdness & Mutations

You have a pair of horns on your head.
You reflexively headbutt those who attack you in melee.


Message History

You slash the gnoll!
You kill the gnoll!
You hit the gnoll shaman.
A black mist starts to gather...
The gnoll hits you but does no damage.
The gnoll shaman hits you with a +0 club.
* * * LOW HITPOINT WARNING * * *
The gnoll hits you but does no damage.
Your gnoll zombie closely misses the gnoll shaman.
You hit the gnoll shaman. You headbutt the gnoll shaman.
The gnoll shaman is severely wounded.
The gnoll barely misses you.
The gnoll shaman prays to its god.
The gnoll shaman is healed somewhat.
The gnoll barely misses you.
Your gnoll zombie completely misses the gnoll shaman.
Your gnoll zombie hits the gnoll shaman but does no damage.
You swap places.
The gnoll shaman hits you but does no damage.
The gnoll hits your gnoll zombie with a +0 spear.
Your gnoll zombie hits the gnoll shaman.
Your gnoll zombie hits the gnoll shaman but does no damage.
The gnoll hits your gnoll zombie with a +0 spear!
The gnoll shaman hits your gnoll zombie with a +0 club!
Your gnoll zombie is destroyed!
The goblin hits your gnoll zombie with a +0 dagger.
The gnoll shaman shouts!
The gnoll hits your gnoll zombie with a +0 spear.
The gnoll shaman utters an invocation to its god.
The gnoll shaman is healed somewhat.
The goblin hits your gnoll zombie with a +0 dagger.
Your gnoll zombie hits the gnoll shaman but does no damage.
The gnoll hits your gnoll zombie with a +0 spear.
Your gnoll zombie is destroyed!
You hit the gnoll shaman but do no damage.
Your headbutt misses the gnoll shaman.
The gnoll shaman is moderately wounded.
The gnoll hits you from afar with a +0 spear.
* * * LOW HITPOINT WARNING * * *
The gnoll shaman hits you with a +0 club.
You die...
Your body rises from the dead as a mindless zombie.

.P.......
.......... #
##..#...#..# ..
..........# ..
#))....#..#
###.###.........#
........gg.......
........g........
###..##.@........
####..##..........
..................
..................
#.....#.#.>......
.................
#..#..###...#.#.#
...#..<...#.#.#.#
.. #..###.....#


You could see a gnoll shaman, a gnoll (fast) and a goblin.

Vanquished Creatures
  Natasha (twice) (D:2)
  3 gnolls (D:3)
  An adder (D:2)
  2 dart slugs
  6 endoplasms
  2 giant cockroaches (D:2)
  9 goblins
  4 hobgoblins
  5 kobolds
  2 quokkas
  3 ball pythons
  4 bats
  2 frilled lizards
  4 rats
49 creatures vanquished.

Vanquished Creatures (collateral kills)
  Jessica (D:2)
1 creature vanquished.

Vanquished Creatures (others)
  An adder zombie (D:2)
  A bat zombie (D:2)
  2 gnoll zombies (D:3)
  A giant cockroach zombie (D:2)
  A quokka zombie (D:2)
  11 plants
17 creatures vanquished.

Grand Total: 67 creatures vanquished

Notes
Turn   | Place    | Note
-------+----------+-------------------------------------------
     0 | D:1      | hybridnoisebloom the Minotaur Fighter began the quest for
                  | the Orb.
     0 | D:1      | Reached XP level 1. HP: 19/19 MP: 0/0
   370 | D:1      | Reached XP level 2. HP: 27/27 MP: 1/1
   528 | D:1      | Reached skill level 1 in Maces & Flails
   872 | D:1      | Reached XP level 3. HP: 33/33 MP: 2/2
  1235 | D:2      | Found Ichik's Book Shop.
  1370 | D:2      | Noticed a golden eye
  1373 | D:2      | Noticed a floating eye
  1374 | D:2      | Noticed Natasha
  1375 | D:2      | Found a faded altar of an unknown god.
  1381 | D:2      | HP: 1/33 [Natasha (7)]
  1384 | D:2      | Killed Natasha
  1385 | D:2      | Reached XP level 4. HP: 2/40 MP: 3/3
  1407 | D:2      | Noticed a shining eye
  1470 | D:2      | Found a glowing silver altar of Zin.
  1543 | D:2      | Noticed Jessica
  1548 | D:2      | Noticed a floating eye
  1553 | D:2      | Prayed at the altar of an unknown god.
  1553 | D:2      | Became a worshipper of Yredelemnul the Dark
  1553 | D:2      | Reached * piety under Yredelemnul
  1561 | D:2      | Killed Jessica
  1609 | D:2      | Found a runed translucent door.
  1610 | D:2      | Noticed Crazy Yiuf
  1836 | D:2      | Noticed Natasha
  1853 | D:2      | Killed Natasha
  1935 | D:2      | Noticed Natasha
  1962 | D:3      | Reached XP level 5. HP: 35/47 MP: 4/4
  1973 | D:3      | Slain by a gnoll shaman

Illustrated notes

Levels and vault maps discovered:
D:1:      lightli_arrival_statue_moat, layout_loops_corners,
          minmay_misc_feat_alley, minmay_misc_feat_nine_boxes
D:2:      layout_loops_ring, basic_altar, serial_shops, shop,
          hellmonk_ecumenical_altar_watching_god, serial_bayou,
          serial_bayou_pond_e, serial_bayou_pond_e, serial_bayou_ford_a,
          serial_bayou_pond_e, kennysheep_generic_room_3,
          uniq_crazy_yiuf_cottage, uniq_natasha, uniq_jessica
D:3:      layout_basic, overflow_temple_1_default, elyvilon_altar_5,
          nicolae_grassy_gnolls

Skill      XL: |  1  2  3  4 |
---------------+-------------+-----
Maces & Flails | 1 2 |  2.6
Fighting       | 4 |  4.7
Armour         | 4 |  4.2
Axes           | 3 4 |  4.2
Shields        | |  3.9

Action                   |  1- 3 |  4- 6 || total
-------------------------+-------+-------++-------
Melee: War axe           |    68 |    23 ||    91
       Headbutt          |    10 |     4 ||    14
Armor: Scale mail        |    30 |    11 ||    41
       Leather armour    |     4 |       ||     4
Dodge: Dodged            |    35 |    14 ||    49
Block: Buckler           |    11 |     4 ||    15

Table legend: (Time is in decaauts)
 A = Elapsed time spent in this place.
 B = Non-inter-level travel time spent in this place.
 C = Inter-level travel time spent in this place.
 D = Time resting spent in this place.
 E = Time spent auto-exploring this place.
 F = Levels seen in this place.
 G = Mean time per level.
                   A        B        C        D        E       F      G
               +--------+--------+--------+--------+--------+-----+--------+
         Total |   2030 |   2030 |      0 |    100 |    188 |   3 |  676.7 |
       Dungeon |   2030 |   2030 |      0 |    100 |    188 |   3 |  676.7 |
               +--------+--------+--------+--------+--------+-----+--------+

Top non-repeatable levels by time:
     D:2: 1052 daAuts
     D:1: 946 daAuts
     D:3: 31 daAuts
